 Dungeon Crawl Stone Soup version 0.22-a0-295-g6c1b826 (webtiles) character file.

1159 b5mith the Cudgeler (level 8, -6/71 HPs)
             Began as a Minotaur Berserker on Mar 24, 2018.
             Was a Priest of Trog.
             Mangled by a mummy (13 damage)
             ... on level 5 of the Dungeon.
             The game lasted 00:12:38 (4205 turns).

b5mith the Cudgeler (Minotaur Berserker)            Turns: 4205, Time: 00:12:38

Health: -6/71      AC: 11    Str: 24    XL:     8   Next: 16%
Magic:  7/7        EV: 16    Int:  4    God:    Trog [***...]
Gold:   232        SH:  0    Dex: 15    Spells: 7/7 levels left

rFire    . . .     SeeInvis .   a - +0 flail
rCold    . . .     Gourm    .   (no shield)
rNeg     . . .     Faith    .   u - +0 chain mail
rPois    .         Spirit   .   (helmet restricted)
rElec    .         Reflect  .   (no cloak)
rCorr    .         Harm     .   (no gloves)
MR       .....                  s - +0 pair of boots
Stlth    ..........             y - amulet of inaccuracy (curse)
HPRegen  0.21/turn              x - ring of flight
MPRegen  0.10/turn              (no ring)

@: agile, berserk cooldown, slowed, very slow
A: retaliatory headbutt, horns 2
a: Berserk, Trog's Hand, Renounce Religion, Evoke Flight


You were on level 5 of the Dungeon.
You worshipped Trog.
Trog was most pleased with you.
You were very hungry.

You visited 1 branch of the dungeon, and saw 5 of its levels.
You also visited: Ossuary.

You collected 232 gold pieces.

Inventory:

Hand Weapons
 a - a +0 flail (weapon)
 b - a +0 hunting sling
 t - a +0 mace
 w - a -1 flail
Missiles
 f - 66 arrows
 j - 49 sling bullets
 k - 116 stones (quivered)
Armour
 o - a +0 animal skin
 s - a +0 pair of boots (worn)
 u - a +0 chain mail (worn)
Jewellery
 m - an uncursed amulet of regeneration
 x - a ring of flight (left hand)
 y - a cursed amulet of inaccuracy (around neck)
Wands
 l - a wand of scattershot (7)
 p - a wand of acid (6)
Scrolls
 r - 3 scrolls of identify {@r1}
 A - a scroll of enchant weapon {unknown}
Potions
 d - 2 potions of degeneration
 g - a potion of flight {unknown}
 h - a potion of might {unknown}
 i - a potion of invisibility {unknown}
 n - a potion of cancellation {unknown}
 q - a potion of mutation {unknown}
 v - a potion of curing {unknown}
Comestibles
 c - 8 rations
 z - a chunk of flesh


   Skills:
 + Level 6.8 Fighting
 + Level 6.8 Maces & Flails
 + Level 6.2 Armour
 + Level 5.7 Dodging


You had 7 spell levels left.
You didn't know any spells.

Dungeon Overview and Level Annotations

Branches:
Dungeon (5/15)
 Temple: D:4-7

Altars:
Sif Muna


Innate Abilities, Weirdness & Mutations

You reflexively headbutt those who attack you in melee.
You have a pair of horns on your head.


Message History

* * * LOW HITPOINT WARNING * * *
The mummy barely misses you. You furiously retaliate!
You headbutt the mummy!
The big kobold zombie barely misses you.
You furiously retaliate!
You headbutt the big kobold zombie!!
You destroy the big kobold zombie!
Trog accepts your kill.
Welcome back to the Dungeon!
You feel a strong urge to attack something.
There is a collapsed entrance here.
You feel your anger nearly subside.
You are no longer berserk.
You are exhausted.
You feel yourself slow down.
You closely miss the mummy.
The mummy is moderately damaged.
The mummy hits you.
* * * LOW HITPOINT WARNING * * *
It was a potion of agility.
You feel agile all of a sudden. The mummy hits you!
You die...

#......# #......# ####+#####
###......######
#........######..............
#........#...................
#........#...M....#..........
#........#..MM..M.'..........
#........###M######..........
######.....#@# #........#####
#...#.....#...#........#...#
#...#.....#...#........#...#
#...'.....#...#........#...'
#...#.....#####........#.###
#...#...............####.#..
#.. #...............'....#..
#.. #...............#)...'..
#. #...............#....#..


You could see 4 mummies.

Vanquished Creatures
  The ghost of Johno the Ruffian, an amateur TrMo (D:4)
  An ice beast (D:5)
  2 ogres (D:4)
  A scorpion (D:5)
  A howler monkey (D:4)
  A crimson imp (D:5)
  A quasit (D:3)
  A centaur skeleton (D:5)
  2 hounds
  3 orc priests
  4 orc wizards
  An iguana (D:4)
  3 worker ants (D:4)
  A big kobold zombie (Ossuary)
  A howler monkey skeleton (D:4)
  7 adders
  3 worms
  A dart slug (D:1)
  2 leopard geckos
  19 orcs
  5 bats
  3 giant cockroaches
  A gnoll zombie (Ossuary)
  7 goblins
  7 hobgoblins
  6 kobolds
  3 ball pythons
  6 frilled lizards
  A hobgoblin zombie (Ossuary)
  2 leopard gecko skeletons (D:4)
  An orc zombie (Ossuary)
  8 rats
106 creatures vanquished.

Notes
Turn   | Place    | Note
-------+----------+-------------------------------------------
     0 | D:1      | b5mith the Minotaur Berserker began the quest for the Orb.
     0 | D:1      | Reached XP level 1. HP: 19/19 MP: 0/0
   127 | D:1      | Reached XP level 2. HP: 27/27 MP: 1/1
   782 | D:2      | Reached XP level 3. HP: 30/33 MP: 2/2
  1348 | D:3      | Reached ** piety under Trog
  1520 | D:3      | Reached XP level 4. HP: 29/41 MP: 3/3
  1856 | D:3      | Reached XP level 5. HP: 34/47 MP: 4/4
  2206 | D:3      | Reached skill level 5 in Fighting
  2400 | D:3      | Reached skill level 5 in Maces & Flails
  2471 | D:3      | Found a deep blue altar of Sif Muna.
  2739 | D:4      | Reached XP level 6. HP: 53/56 MP: 5/5
  2784 | D:4      | Noticed Johno's ghost (amateur TrMo)
  2797 | D:4      | Killed Johno's ghost
  3012 | D:4      | Reached *** piety under Trog
  3016 | D:4      | Reached skill level 5 in Armour
  3016 | D:4      | Reached XP level 7. HP: 24/62 MP: 6/6
  3267 | D:4      | Reached skill level 5 in Dodging
  3723 | D:5      | Entered Level 5 of the Dungeon
  3927 | D:5      | Reached XP level 8. HP: 71/71 MP: 7/7
  4147 | D:5      | Found a sand-covered staircase.
  4156 | Ossuary  | Entered an ossuary
  4205 | D:5      | Mangled by a mummy

Vault maps used:
D:1:      minmay_arrival_doors, minivault_11, minmay_tree_intersection
D:3:      lemuel_round_altar, serial_park_tiny_pond, bh_walls_and_bars
D:4:      minmay_cut_off
D:5:      enter_ossuary_1, first_ration, uniq_ijyb
Ossuary:  ossuary_tomb_3

Skill      XL: |  1  2  3  4  5  6  7  8 |
---------------+-------------------------+-----
Fighting       | 4 5 6 |  6.8
Maces & Flails | 4 5 6 |  6.8
Armour         | 3 4 5 6 |  6.2
Dodging        | 3 4 5 |  5.7

Action                   |  1- 3 |  4- 6 |  7- 9 || total
-------------------------+-------+-------+-------++-------
Melee: Mace              |    59 |    76 |    15 ||   150
       Headbutt          |    12 |    13 |    13 ||    38
       Flail             |       |    30 |    62 ||    92
 Fire: Hunting sling     |    34 |    46 |    50 ||   130
Throw: Stone             |       |     7 |       ||     7
Invok: Berserk           |       |     1 |     1 ||     2
  Use: Scroll            |       |     6 |     1 ||     7
       Potion            |       |       |     1 ||     1
  Eat: Chunk             |     2 |     5 |     4 ||    11
Armor: Animal skin       |    11 |     2 |       ||    13
       Chain mail        |       |    80 |    31 ||   111
Dodge: Dodged            |    38 |    70 |    47 ||   155

Table legend:
 A = Spawn XP
 B = Non-spawn XP
 C = Spawn XP percentage of total XP
 D = Spawn monster count
 E = Non-spawn monster count
 F = Spawn count percentage of total count
 G = Total turns spent on level
                    A         B        C        D         E        F      G
               +---------+---------+-------+---------+---------+-------+---------
         Total |       0 |    1656 |   0.0 |       0 |     106 |   0.0 |  4205
               +---------+---------+-------+---------+---------+-------+---------
           D:1 |       0 |      21 |   0.0 |       0 |      11 |   0.0 |   519
           D:2 |       0 |      53 |   0.0 |       0 |      19 |   0.0 |   795
           D:3 |       0 |     262 |   0.0 |       0 |      34 |   0.0 |  1418
           D:4 |       0 |     948 |   0.0 |       0 |      32 |   0.0 |   991
           D:5 |       0 |     341 |   0.0 |       0 |       6 |   0.0 |   443
       Ossuary |       0 |      31 |   0.0 |       0 |       4 |   0.0 |    39
               +---------+---------+-------+---------+---------+-------+---------
